 Dungeon Sprint DCSS version 0.24.0-41-g2ae2f7f1be (webtiles) character file.

Game seed: 6155812352983498531, levelgen mode: deterministic

3556 McKennaii the Fencer (level 9, 0/76 HPs)
             Began as a Demonspawn Fighter on Dec 9, 2019.
             Was a High Priest of Makhleb.
             Slain by a seven-headed hydra (11 damage)
             ... in the Dungeon (Sprint IX: "|||||||||||||||||||||||||||||").
             The game lasted 00:03:45 (759 turns).

McKennaii the Fencer (Demonspawn Fighter)            Turns: 759, Time: 00:03:47

Health: 0/76       AC: 10    Str: 19    XL:     9   Next: 83%
Magic:  0/10       EV:  7    Int:  9    God:    Makhleb [*****.]
Gold:   17         SH: 11    Dex: 17    Spells: 8/8 levels left

rFire    . . .     SeeInvis .   p - +8 demon blade "Leech" {vamp, rN+ AC-3 EV-3}
rCold    . . .     Gourm    .   c - +0 shield
rNeg     + . .     Faith    .   q - +1 chain mail
rPois    .         Spirit   +   (helmet restricted)
rElec    .         Reflect  .   a - +0 cloak
rCorr    .         Harm     .   (no gloves)
MR       .....     NoTele   +   (no boots)
Stlth    ..........             (no amulet)
HPRegen  0.22/turn              r - +3 ring of dexterity
MPRegen  0.24/turn              b - +2 ring of evasion

@: no status effects
A: antennae 1, magic shield, magic regeneration, magic link, rot immunity
a: Minor Destruction, Lesser Servant of Makhleb, Major Destruction, Greater
Servant of Makhleb, Renounce Religion


You were in the Dungeon.
You worshipped Makhleb.
Makhleb was extremely pleased with you.
You were not hungry.

You visited 1 branch You collected 17 gold pieces.

Inventory:

Hand Weapons
 p - the +8 demon blade "Leech" (weapon) {vamp, rN+ AC-3 EV-3}
   (You found it in the Dungeon)

   It inflicts no extra harm, but heals its wielder when it wounds a living foe.
   It affects your AC (-3).
   It affects your evasion (-3).
   It protects you from negative energy.
Armour
 a - a +0 cloak (worn)
 c - a +0 shield (worn)
 q - a +1 chain mail (worn)
Jewellery
 b - a +2 ring of evasion (right hand)
 r - a +3 ring of dexterity (left hand)
Wands
 o - a wand of iceblast (10)
Scrolls
 k - 2 scrolls of blinking
 m - 4 scrolls of remove curse
 n - 2 scrolls of amnesia
 v - 4 scrolls of enchant armour
 w - a scroll of fear
 x - a scroll of fog
Potions
 d - a potion of might
 e - 6 potions of curing
 g - 7 potions of heal wounds
 h - 2 potions of haste
 i - 4 potions of magic
 j - a potion of berserk rage
 l - a potion of invisibility
 t - a potion of agility
 u - a potion of mutation
Comestibles
 f - a ration
 s - 11 chunks of flesh


   Skills:
 + Level 9.2 Fighting
 * Level 15.0 Long Blades
 + Level 8.6 Armour
 + Level 3.5 Dodging
 + Level 8.4 Shields
 * Level 1.7 Invocations


You had 8 spell levels left.
You didn't know any spells.
Your spell library was empty.

Dungeon Overview and Level Annotations

Branches:
Dungeon (1/1)

Altars:
Cheibriados
Dithmenos
Elyvilon
Fedhas
Gozag
Hepliaklqana
Kikubaaqudgha
Makhleb
Nemelex Xobeh
Okawaru
Qazlal
Ru
Sif Muna
Trog
Uskayaw
Vehumet
Wu Jian
Xom
Yredelemnul
Zin
The Shining One
Beogh
Jiyva
Lugonu


Innate Abilities, Weirdness & Mutations

You have a pair of small antennae on your head.
When hurt, damage is shared between your health and your magic reserves.
You regenerate magic rapidly.
When low on magic, you restore magic in place of health.
You are immune to rotting.


Message History

The seven-headed hydra bites you but does no damage. x2
The seven-headed hydra bites you!
* * * LOW HITPOINT WARNING * * *
You block the seven-headed hydra's attack.
Your neqoxec completely misses the water moccasin.
The water moccasin closely misses your neqoxec.
The water moccasin bites your neqoxec.
Your neqoxec barely misses the water moccasin.
Something misses your neqoxec.
Something bites your neqoxec but does no damage.
There is an open door to the Lair, spattered with blood here.
Items here: ÷÷÷ † a komodo dragon skeleton x2; a hippogriff skeleton; a basilisk corpse You block the seven-headed hydra's attack.
The seven-headed hydra barely misses you.
The seven-headed hydra bites you!
* * * LOW HITPOINT WARNING * * *
The seven-headed hydra bites you but does no damage.
The seven-headed hydra bites you!
You die...

▓▓▓▓▓▓▓▓▓▓▓▓▓▓▓▓▓▓▓▓▓▓▓▓▓▓▓▓▓▓▓▓▓
___________________'....)÷(....).
▓▓▓▓▓▓▓▓▓▓▓▓▓▓▓▓▓▓▓▓▓▓▓▓▓▓▓▓▓▓▓▓▓
.................................
▓▓▓▓▓▓▓▓▓▓▓▓▓▓▓▓▓▓▓▓▓▓▓▓▓▓▓▓▓▓▓▓▓
tlS.†.3.......3D@....)......'....
▓▓▓▓▓▓▓▓▓▓▓▓▓▓▓▓▓▓▓▓▓▓▓▓▓▓▓▓▓▓▓▓▓
{


You could see a seven-headed hydra and a friendly smoke demon.

Vanquished Creatures
  2 spiny frogs (D)
  A gargoyle (D)
  An efreet (D)
  2 komodo dragons (D)
  3 hippogriffs (D)
  A slime creature (D)
  A yak (D)
  2 basilisks (D)
  2 water moccasins (D)
  A porcupine (D)
  A black bear (D)
  A centaur (D)
  A crocodile (D)
  A bullfrog (D)
  A scorpion (D)
  A killer bee (D)
  A howler monkey (D)
  3 crimson imps (D)
  A worker ant (D)
  An adder skeleton (D)
  2 leopard geckos (D)
  A giant cockroach (D)
  A kobold (D)
  A bat (D)
  A leopard gecko zombie (D)
  A rat (D)
35 creatures vanquished.

Notes
Turn   | Place    | Note
-------+----------+-------------------------------------------
     0 | D        | McKennaii the Demonspawn Fighter began the quest for the
                  | Orb.
     0 | D        | Reached XP level 1. HP: 18/18 MP: 1/1
     6 | D        | Reached skill level 2 in Long Blades
    46 | D        | Noticed a crimson imp
    46 | D        | Noticed a howler monkey
    46 | D        | Noticed a centaur
    54 | D        | Gained mutation: When hurt, damage is shared between your
                  | health and your magic reserves. [demonic ancestry]
    54 | D        | Reached XP level 2. HP: 23/24 MP: 2/2
    62 | D        | Killed a centaur
    62 | D        | Reached skill level 4 in Long Blades
    62 | D        | Reached XP level 3. HP: 21/31 MP: 3/3
    62 | D        | Gained mutation: You have a pair of small antennae on your
                  | head. [demonic ancestry]
    62 | D        | Reached XP level 4. HP: 25/38 MP: 4/4
    74 | D        | Reached skill level 5 in Long Blades
    74 | D        | Reached skill level 5 in Armour
    74 | D        | Reached skill level 1 in Dodging
    74 | D        | Reached skill level 5 in Shields
    88 | D        | Reached skill level 5 in Fighting
    88 | D        | Gained mutation: You are immune to rotting. [demonic
                  | ancestry]
    88 | D        | Reached XP level 5. HP: 8/44 MP: 3/5
   342 | D        | Found a roughly hewn altar of Beogh.
   342 | D        | Found a snail-covered altar of Cheibriados.
   342 | D        | Found a shadowy altar of Dithmenos.
   342 | D        | Found a white marble altar of Elyvilon.
   342 | D        | Found a blossoming altar of Fedhas.
   342 | D        | Found an opulent altar of Gozag.
   343 | D        | Found a hazy altar of Hepliaklqana.
   344 | D        | Found a viscous altar of Jiyva.
   345 | D        | Found an ancient bone altar of Kikubaaqudgha.
   346 | D        | Found a corrupted altar of Lugonu.
   347 | D        | Found a burning altar of Makhleb.
   348 | D        | Found a sparkling altar of Nemelex Xobeh.
   349 | D        | Found an iron altar of Okawaru.
   350 | D        | Found a stormy altar of Qazlal.
   351 | D        | Found a sacrificial altar of Ru.
   352 | D        | Found a shimmering blue altar of Sif Muna.
   353 | D        | Found a bloodstained altar of Trog.
   354 | D        | Found a hide-covered altar of Uskayaw.
   355 | D        | Became a worshipper of Makhleb the Destroyer
   356 | D        | Found a radiant altar of Vehumet.
   357 | D        | Found an ornate altar of the Wu Jian Council.
   358 | D        | Found a shimmering altar of Xom.
   359 | D        | Found a basalt altar of Yredelemnul.
   360 | D        | Found a glowing silver altar of Zin.
   361 | D        | Found a glowing golden altar of the Shining One.
   370 | D        | Found the +8 demon blade "Leech" {vamp, rN+ AC-3 EV-3}
   410 | D        | Noticed a black bear
   410 | D        | Noticed a hippogriff
   410 | D        | Noticed a yak
   411 | D        | Reached skill level 6 in Long Blades
   419 | D        | Killed a yak
   419 | D        | Reached skill level 7 in Long Blades
   419 | D        | Gained mutation: You regenerate magic rapidly. [demonic
                  | ancestry]
   419 | D        | Reached XP level 6. HP: 52/52 MP: 4/6
   427 | D        | Killed a hippogriff
   427 | D        | Reached * piety under Makhleb
   427 | D        | Reached skill level 9 in Long Blades
   428 | D        | Gained mutation: When low on magic, you restore magic in
                  | place of health. [demonic ancestry]
   428 | D        | Reached XP level 7. HP: 58/58 MP: 5/7
   434 | D        | Reached ** piety under Makhleb
   434 | D        | Reached skill level 10 in Long Blades
   443 | D        | Noticed a slime creature
   443 | D        | Noticed an efreet
   443 | D        | Noticed a gargoyle
   456 | D        | Killed a gargoyle
   456 | D        | Reached skill level 11 in Long Blades
   456 | D        | Reached XP level 8. HP: 65/65 MP: 8/8
   460 | D        | Killed an efreet
   460 | D        | Reached *** piety under Makhleb
   465 | D        | Killed a slime creature
   465 | D        | Reached skill level 12 in Long Blades
   590 | D        | Noticed a komodo dragon
   590 | D        | Noticed a hippogriff
   590 | D        | Noticed a spiny frog
   596 | D        | Reached **** piety under Makhleb
   602 | D        | Noticed a komodo dragon
   607 | D        | Killed a spiny frog
   607 | D        | Reached skill level 13 in Long Blades
   610 | D        | Reached XP level 9. HP: 74/74 MP: 7/9
   620 | D        | Killed a komodo dragon
   620 | D        | Reached ***** piety under Makhleb
   623 | D        | Reached skill level 14 in Long Blades
   629 | D        | Killed a komodo dragon
   721 | D        | Noticed a seven-headed hydra
   721 | D        | Noticed a spiny frog
   726 | D        | Killed a spiny frog
   741 | D        | Reached skill level 1 in Invocations
   746 | D        | Reached skill level 15 in Long Blades
   759 | D        | Slain by a seven-headed hydra

Levels and vault maps discovered:
D:        linesprint [early_d, line_temple, items_1, d_10, items_2, lair_1,
          lair_end, items_3, orc_1, orc_end, items_4, d_15, swamp_1, shoals_1,
          snake_1, spider_1, d_20, vaults_1, items_5, swamp_end, shoals_end,
          snake_end, spider_end, vaults_end, d_27, items_6, zot_1, zot_end,
          crypt_end, forest_end, elf_end, slime_end, tomb_end, abyss_end,
          pan_hell_end]

Skill      XL: |  1  2  3  4  5  6  7  8  9 |
---------------+----------------------------+-----
Long Blades    | 2 4 5 7 9 11 13 15 | 15.0
Armour         | 3 4 5 6 7 8 |  8.6
Shields        | 3 4 5 6 7 8 |  8.4
Fighting       | 4 5 6 8 9 |  9.2
Dodging        | 1 2 3 |  3.5
Invocations    | 1 |  1.7

Action                   |  1- 3 |  4- 6 |  7- 9 || total
-------------------------+-------+-------+-------++-------
Melee: Long sword        |    25 |    24 |       ||    49
       Demon blade       |       |    18 |    94 ||   112
Invok: Lesser Servant of |       |       |     2 ||     2
Armor: Scale mail        |     7 |     7 |       ||    14
       Chain mail        |       |     4 |    25 ||    29
Dodge: Dodged            |     9 |    12 |    11 ||    32
Block: Shield            |    17 |    21 |    35 ||    73
       Rpst.: Long sword |     7 |     2 |       ||     9
       Demon blade       |       |     1 |     1 ||     2
